[Event "Titled Tuesday Blitz May 10 Late 2022"]
[White "Baches Garcia, Guillermo"]
[Black "Tatarinov, Dmitry"]
[WhiteFideId "2209764"]
[BlackFideId "24160067"]
[WhiteElo "2520"]
[BlackElo "2674"]
[Result "0-1"]
[Round "04"]
[TimeControl "180+1"]
[Date "2022.05.11"]
[WhiteClock "0:00:01"]
[BlackClock "0:00:11"]

1. e4 c5 2. Nf3 d6 3. d4 cxd4 4. Qxd4 Nf6 5. c4 g6 6. Be2 Bg7 7. O-O O-O 8. Qe3 Bg4 9. Nc3 Nc6 10. Rd1 Bxf3 11. Bxf3 Nd7 12. b3 Qa5 13. Bb2 Rfc8 14. Rab1 a6 15. a4 Qd8 16. Nd5 Bxb2 17. Rxb2 e6 18. Nc3 Qe7 19. Qd3 Qf6 20. Qd2 Nde5 21. Be2 g5 22. Rc2 Rd8 23. Qe3 Rd7 24. Rcd2 Rad8 25. h3 Kg7 26. g3 Ng6 27. Kg2 Nce5 28. Rf1 Kh8 29. Bh5 Rg8 30. Kh2 Nf4 31. Bg4 Nxg4+ 32. hxg4 Qh6+ 33. Kg1 Ng6 34. Kg2 Ne5 35. f3 Qg7 36. Rfd1 Rgd8 37. Ne2 Kg8 38. Rd4 h6 39. Qd2 Qf8 40. Nc3 Nc6 41. Rd3 Qe8 42. Ne2 Ne5 43. Re3 b5 44. axb5 axb5 45. Qc3 bxc4 46. bxc4 Rc7 47. Rd4 Rdc8 48. Qa1 Nxc4 49. Rc3 Ne5 50. Rxc7 Rxc7 51. Rxd6 Qb5 52. Rd8+ Kg7 53. Nd4 Qc5 54. Kh3 Kh7 55. f4 gxf4 56. gxf4 Ng6 57. f5 Nf4+ 58. Kh4 Qe7+ 59. Kg3 Qxd8 0-1


[Site "https://www.chess.com"]

[Event "Titled Tuesday Blitz May 10 Late 2022"]
[White "Bas Mas, Jose Joaquin"]
[Black "Sloan, Julia Elizabeth"]
[WhiteFideId "22219064"]
[BlackFideId "2018950"]
[WhiteElo "2233"]
[BlackElo "2113"]
[Result "1-0"]
[Round "04"]
[TimeControl "180+1"]
[Date "2022.05.11"]
[WhiteClock "0:01:56"]
[BlackClock "0:01:39"]

1. e4 c5 2. Nc3 d6 3. d4 cxd4 4. Qxd4 Nc6 5. Qd2 Bd7 6. b3 Nf6 7. Bb2 e6 8. O-O-O a6 9. Kb1 Be7 10. f3 Qc7 11. g4 h6 12. h4 O-O-O 13. Nge2 Ne5 14. Qe3 Bc6 15. Rg1 g5 16. h5 b5 17. Nd4 Be8 18. a4 b4 19. Bxa6+ Kb8 20. Na2 Qb6 21. Bb5 d5 22. Nc6+ Kc7 23. Qxb6+ Kxb6 24. Nxe7 1-0


[Site "https://www.chess.com"]

[Event "Titled Tuesday Blitz May 10 Late 2022"]
[White "Bashirli, Nail"]
[Black "Koridze, Lile"]
[WhiteFideId "13406809"]
[BlackFideId "13612514"]
[WhiteElo "2672"]
[BlackElo "2478"]
[Result "1-0"]
[Round "04"]
[TimeControl "180+1"]
[Date "2022.05.11"]
[WhiteClock "0:01:48"]
[BlackClock "0:02:29"]

1. b3 d5 2. Bb2 e6 3. Nf3 Nf6 4. g3 Be7 5. Bg2 O-O 6. O-O c5 7. d3 Nc6 8. Nbd2 Qc7 9. e4 dxe4 10. dxe4 Rd8 11. Re1 b6 12. Qe2 Bb7 13. e5 Nd5 14. a3 a5 15. c4 Ba6 16. Qe4 Nd4 17. Nxd4 cxd4 18. cxd5 exd5 19. Qxd4 Bc5 20. Qg4 Qe7 21. e6 f6 22. b4 axb4 23. axb4 Bxb4 24. Bxf6 Qxf6 25. Qxb4 Rf8 26. Nf3 Bc4 27. e7 Rfe8 28. Rxa8 Rxa8 29. e8=Q+ Rxe8 30. Rxe8+ Kf7 31. Rf8+ Kg6 32. Nh4+ Kh6 33. Rxf6+ gxf6 34. Qf8+ 1-0


[Site "https://www.chess.com"]

[Event "Titled Tuesday Blitz May 10 Late 2022"]
[White "Batsiashvili, Nino"]
[Black "Qashashvili, Alexandre"]
[WhiteFideId "13602993"]
[BlackFideId "13600842"]
[WhiteElo "2193"]
[BlackElo "2316"]
[Result "1-0"]
[Round "04"]
[TimeControl "180+1"]
[Date "2022.05.11"]
[WhiteClock "0:01:28"]
[BlackClock "0:02:05"]

1. d4 c6 2. c4 d5 3. Nf3 Nf6 4. Nc3 Bf5 5. Qb3 b6 6. cxd5 Nxd5 7. e4 Nxc3 8. exf5 Nd5 9. Bc4 e6 10. fxe6 fxe6 11. O-O Bd6 12. Re1 O-O 13. Rxe6 Kh8 14. Bg5 Qd7 15. Rae1 Nf4 16. Bxf4 Rxf4 17. Rxd6 Qxd6 18. Re8+ Rf8 19. Ng5 1-0


[Site "https://www.chess.com"]

[Event "Titled Tuesday Blitz May 10 Late 2022"]
[White "Bernal Moro, Luis Javier"]
[Black "Burke, Paul"]
[WhiteFideId "2200236"]
[BlackFideId "2605767"]
[WhiteElo "2373"]
[BlackElo "1900"]
[Result "1-0"]
[Round "04"]
[TimeControl "180+1"]
[Date "2022.05.11"]
[WhiteClock "0:01:48"]
[BlackClock "0:01:50"]

1. c4 a6 2. e4 d6 3. d4 g6 4. Nc3 Nd7 5. f4 Bg7 6. Nf3 e6 7. Bd3 h6 8. Be3 Ne7 9. O-O O-O 10. Qd2 Kh7 11. Rad1 b6 12. f5 exf5 13. exf5 Nxf5 14. Bxf5 gxf5 15. b3 Nf6 16. d5 Ne4 17. Nxe4 fxe4 18. Nd4 Bd7 19. Rf2 Qh4 20. Rdf1 Bxd4 21. Qxd4 f5 22. Rf4 Qh5 23. Qd2 Rg8 24. Qf2 Raf8 25. Rh4 1-0


[Site "https://www.chess.com"]

[Event "Titled Tuesday Blitz May 10 Late 2022"]
[White "Bifulco, Michel"]
[Black "Chen, Justin"]
[WhiteFideId "828580"]
[BlackFideId "2098199"]
[WhiteElo "2165"]
[BlackElo "2487"]
[Result "1-0"]
[Round "04"]
[TimeControl "180+1"]
[Date "2022.05.11"]
[WhiteClock "0:00:13"]
[BlackClock "0:00:01"]

1. d4 d5 2. Nc3 Nf6 3. Bf4 Nh5 4. Bg5 h6 5. Bh4 g5 6. e4 Nf6 7. e5 gxh4 8. exf6 e6 9. Qf3 Nd7 10. O-O-O Qxf6 11. Bb5 c6 12. Bd3 Qxd4 13. Nge2 Qf6 14. Qe3 Bc5 15. Qd2 Qxf2 16. Rhf1 Qe3 17. Nf4 Ne5 18. Nh5 f5 19. Be2 Ke7 20. Nf4 Qxd2+ 21. Kxd2 Rg8 22. Bh5 Nc4+ 23. Ke2 Ne3 24. Na4 Nxf1 25. Nxc5 Nxh2 26. Kd3 b6 27. Ncxe6 Bxe6 28. Re1 Kd6 29. Rxe6+ Kc5 30. c3 Rg3+ 31. Kc2 b5 32. b4+ Kb6 33. Nxd5+ Kb7 34. Re7+ Kb8 35. Re8+ Kb7 36. Re7+ 1-0


[Site "https://www.chess.com"]

[Event "Titled Tuesday Blitz May 10 Late 2022"]
[White "Bluebaum, Matthias"]
[Black "Herrera Reyes, Jose Antonio"]
[WhiteFideId "24651516"]
[BlackFideId "2274914"]
[WhiteElo "2556"]
[BlackElo "2361"]
[Result "1-0"]
[Round "04"]
[TimeControl "180+1"]
[Date "2022.05.10"]
[WhiteClock "0:00:36"]
[BlackClock "0:00:11"]

1. d4 Nf6 2. c4 c5 3. d5 b5 4. cxb5 a6 5. bxa6 e6 6. Nc3 exd5 7. Nxd5 Be7 8. e4 O-O 9. Bc4 Bxa6 10. Bxa6 Rxa6 11. Nf3 Nxe4 12. O-O Nf6 13. Nxe7+ Qxe7 14. Bg5 Qe4 15. Re1 Qf5 16. Re5 Qg4 17. Rxc5 Ne4 18. Rc4 Qe6 19. Qd3 d5 20. Rc2 Nd7 21. Be3 f5 22. h3 Rfa8 23. a3 Ndf6 24. Rac1 h6 25. Nd4 Qe5 26. Rc8+ Kh7 27. f4 Qd6 28. Nxf5 Qd7 29. Rxa8 Rxa8 30. Ng3 Qb7 31. Nxe4 dxe4 32. Qd4 Qb3 33. Rc7 Rd8 34. Qxf6 Qxe3+ 35. Kh2 Rg8 36. Re7 Qc5 37. Qe5 Qxe5 38. Rxe5 Rb8 39. b4 Ra8 40. Ra5 Rc8 41. Rc5 Ra8 42. Rc3 Kg6 43. g4 Kf6 44. Re3 g5 45. Kg3 Ra7 46. b5 Ra5 47. Rb3 Ra4 48. b6 e3 49. fxg5+ Kxg5 50. b7 e2 51. Kf2 1-0


[Site "https://www.chess.com"]

[Event "Titled Tuesday Blitz May 10 Late 2022"]
[White "Boruchovsky, Avital"]
[Black "Wagner, Dinara"]
[WhiteFideId "2800055"]
[BlackFideId "24157570"]
[WhiteElo "2737"]
[BlackElo "2554"]
[Result "1-0"]
[Round "04"]
[TimeControl "180+1"]
[Date "2022.05.11"]
[WhiteClock "0:00:29"]
[BlackClock "0:00:12"]

1. Nf3 d5 2. g3 c6 3. Bg2 Bg4 4. O-O e6 5. d3 Nf6 6. Nbd2 Nbd7 7. h3 Bh5 8. e4 dxe4 9. dxe4 e5 10. Qe2 Bc5 11. Rd1 O-O 12. g4 Bg6 13. Nh4 Qc7 14. Nb3 Bb6 15. a4 a5 16. Nxg6 hxg6 17. Bd2 Nc5 18. Nxc5 Bxc5 19. Bc3 Rfd8 20. Rxd8+ Rxd8 21. Rd1 Rxd1+ 22. Qxd1 Nd7 23. Bf1 Nf6 24. Qd3 Qb6 25. Bxe5 Bxf2+ 26. Kg2 Be1 27. Bd4 Qc7 28. Be2 Bh4 29. e5 Nd5 30. Qe4 Bg5 31. Kf3 Qd7 32. Bc4 Kh7 33. Bf2 Nb4 34. h4 Bd8 35. e6 fxe6 36. h5 Qd1+ 37. Kg2 Qxc2 38. Qxe6 gxh5 39. Qg8+ Kg6 40. Qe8+ Kh7 41. Qxh5# 1-0


[Site "https://www.chess.com"]

[Event "Titled Tuesday Blitz May 10 Late 2022"]
[White "Bouget, Alexandre"]
[Black "Butti, Enrique"]
[WhiteFideId "681318"]
[BlackFideId "3700470"]
[WhiteElo "2182"]
[BlackElo "2080"]
[Result "1-0"]
[Round "04"]
[TimeControl "180+1"]
[Date "2022.05.11"]
[WhiteClock "0:01:46"]
[BlackClock "0:01:12"]

1. d4 Nf6 2. c4 e6 3. Nc3 c5 4. d5 exd5 5. cxd5 d6 6. Nf3 g6 7. Nd2 Bg7 8. e4 O-O 9. a4 Re8 10. Bd3 b6 11. O-O Ng4 12. h3 Ne5 13. Be2 g5 14. Nc4 Nxc4 15. Bxc4 Nd7 16. Qh5 Ne5 17. Bb5 h6 18. Bxe8 Qxe8 19. f4 gxf4 20. Bxf4 Qf8 21. Nb5 a6 22. Nc7 Ra7 23. Ne6 Qe7 24. Nxg7 1-0


[Site "https://www.chess.com"]

[Event "Titled Tuesday Blitz May 10 Late 2022"]
[White "Castellanos Hernandez, Emilio Au"]
[Black "Koutlas, Nikolaos"]
[WhiteFideId "5114179"]
[BlackFideId "25827138"]
[WhiteElo "2021"]
[BlackElo "1645"]
[Result "1-0"]
[Round "04"]
[TimeControl "180+1"]
[Date "2022.05.11"]
[WhiteClock "0:01:36"]
[BlackClock "0:00:47"]

1. c4 g6 2. Nc3 Bg7 3. Nf3 f5 4. g3 Nf6 5. Bg2 O-O 6. d4 d6 7. O-O e6 8. b4 Qe8 9. Qb3 Nc6 10. a4 Ne4 11. e3 e5 12. Bb2 Nxc3 13. Bxc3 e4 14. Nd2 Qf7 15. c5 Be6 16. Qb2 a5 17. b5 Nb4 18. Bxb4 axb4 19. Qxb4 dxc5 20. Qxc5 b6 21. Qa3 g5 22. Rfc1 f4 23. Nxe4 Bd5 24. Nxg5 fxg3 25. Nxf7 gxf2+ 26. Kxf2 Rxf7+ 27. Kg1 Bxg2 28. Kxg2 1-0


[Site "https://www.chess.com"]

[Event "Titled Tuesday Blitz May 10 Late 2022"]
[White "Clarke, Brandon G I"]
[Black "Gaisinsky, Adam"]
[WhiteFideId "400319"]
[BlackFideId "2620561"]
[WhiteElo "2824"]
[BlackElo "2357"]
[Result "1-0"]
[Round "04"]
[TimeControl "180+1"]
[Date "2022.05.11"]
[WhiteClock "0:02:13"]
[BlackClock "0:00:20"]

1. e4 e5 2. Nf3 Nc6 3. Bb5 a6 4. Ba4 Nf6 5. O-O Be7 6. Re1 b5 7. Bb3 O-O 8. c3 d5 9. exd5 Nxd5 10. Nxe5 Nxe5 11. Rxe5 c6 12. d3 Bd6 13. Re1 Qh4 14. g3 Qh3 15. Re4 Nf6 16. Rh4 Qf5 17. Bc2 Qg6 18. Nd2 Bg4 19. Nf3 Rfe8 20. Kg2 Nd5 21. h3 Bf5 22. a4 Be7 23. axb5 axb5 24. Rxa8 Rxa8 25. g4 Bc8 26. d4 f5 27. Rh5 Nf6 28. Rxf5 Bxf5 29. Bxf5 Qe8 30. Qb3+ Kh8 31. Ne5 g6 32. Nf7+ Kg7 33. Bh6+ Kg8 34. Nd6+ 1-0


[Site "https://www.chess.com"]

[Event "Titled Tuesday Blitz May 10 Late 2022"]
[White "Constantinou, Peter"]
[Black "Gatterer, Florian"]
[WhiteFideId "413038"]
[BlackFideId "811688"]
[WhiteElo "2230"]
[BlackElo "2218"]
[Result "0-1"]
[Round "04"]
[TimeControl "180+1"]
[Date "2022.05.11"]
[WhiteClock "0:02:31"]
[BlackClock "0:01:48"]

1. b3 e5 2. Bb2 Nc6 3. c4 Nf6 4. e3 a6 5. a3 d5 6. cxd5 Nxd5 7. Qc2 Be6 8. Nf3 Bd6 9. Be2 h5 10. d4 exd4 11. Nxd4 Nxd4 12. Bxd4 Qg5 13. g3 h4 14. Bf3 hxg3 15. hxg3 Rxh1+ 16. Bxh1 Qh6 17. Bg2 Qh2 18. Kf1 O-O-O 19. Nd2 Bh3 20. Qe4 Qh1+ 21. Ke2 Qxg2 0-1


[Site "https://www.chess.com"]

[Event "Titled Tuesday Blitz May 10 Late 2022"]
[White "D`Arruda, Ricardo D."]
[Black "Antonova, Nadezhda"]
[WhiteFideId "100692"]
[BlackFideId "14700182"]
[WhiteElo "2459"]
[BlackElo "1743"]
[Result "0-1"]
[Round "04"]
[TimeControl "180+1"]
[Date "2022.05.11"]
[WhiteClock "0:00:11"]
[BlackClock "0:00:15"]

1. b3 e5 2. Bb2 Nc6 3. e3 g6 4. f4 Bg7 5. Nf3 d6 6. Bb5 Ne7 7. O-O O-O 8. fxe5 Nxe5 9. Nxe5 dxe5 10. Nc3 c6 11. Bc4 Nd5 12. Qf3 Nxc3 13. Bxc3 Qe7 14. e4 Be6 15. Bxe6 Qxe6 16. g4 Bh6 17. h3 Rad8 18. Rf2 Rd7 19. d3 b6 20. Bd2 Bxd2 21. Rxd2 c5 22. Rf1 h6 23. Rdf2 Kg7 24. Qf6+ Qxf6 25. Rxf6 Re7 26. h4 Rd8 27. Kg2 Rh8 28. Kg3 h5 29. g5 Rd8 30. Rc6 Re6 31. Rc7 Rf8 32. Rxa7 Kg8 33. a4 Rd6 34. Kf3 f6 35. Ke3 f5 36. exf5 gxf5 37. a5 bxa5 38. Rxa5 Rd4 39. Rxc5 Rxh4 40. Rxe5 f4+ 41. Kd2 Rh2+ 42. Kc1 f3 43. Re3 f2 44. Kd2 Kg7 45. Ke2 Kg6 46. Re5 h4 47. d4 h3 48. d5 Rg2 49. Re3 h2 50. Rh3 Kxg5 51. d6 Kg4 52. Rh7 Re8+ 53. Re7 Rd8 54. d7 Kg3 55. Rg7+ Kh3 56. Rh7+ Kg3 57. Rg7+ Kh3 58. Rxg2 Kxg2 59. Rxf2+ Kg3 60. Rxh2 Kxh2 61. c4 Rxd7 62. c5 Kg3 63. b4 Kf4 64. c6 Rc7 65. b5 Ke5 66. Kd3 Kd5 67. b6 Rxc6 68. b7 Rb6 0-1


[Site "https://www.chess.com"]

[Event "Titled Tuesday Blitz May 10 Late 2022"]
[White "Danaci, Ege"]
[Black "Pinheiro, Iung Alicio de O."]
[WhiteFideId "34506748"]
[BlackFideId "2104350"]
[WhiteElo "2400"]
[BlackElo "2540"]
[Result "1-0"]
[Round "04"]
[TimeControl "180+1"]
[Date "2022.05.11"]
[WhiteClock "0:00:05"]
[BlackClock "0:00:17"]

1. e4 c5 2. Nc3 a6 3. g3 b5 4. Bg2 Bb7 5. d3 e6 6. Nh3 Nc6 7. O-O h5 8. f4 Nf6 9. f5 exf5 10. e5 Ng4 11. Rxf5 Qb6 12. Nd5 Qd8 13. Bg5 Qb8 14. Qf3 Nd4 15. Qf1 Ne6 16. Rxf7 Qxe5 17. Re1 Qd4+ 18. Kh1 Bxd5 19. Rf4 Bxg2+ 20. Qxg2 Qd6 21. Qxa8+ 1-0


[Site "https://www.chess.com"]

[Event "Titled Tuesday Blitz May 10 Late 2022"]
[White "Demchenko, Anton"]
[Black "Barria Zuniga, Daniel"]
[WhiteFideId "4160258"]
[BlackFideId "3400816"]
[WhiteElo "2539"]
[BlackElo "2414"]
[Result "1/2-1/2"]
[Round "04"]
[TimeControl "180+1"]
[Date "2022.05.10"]
[WhiteClock "0:00:05"]
[BlackClock "0:00:08"]

1. e4 e6 2. d4 d5 3. Nc3 Bb4 4. e5 Ne7 5. a3 Bxc3+ 6. bxc3 c5 7. Nf3 Qa5 8. Bd2 Nd7 9. a4 h6 10. Be2 c4 11. O-O Nb6 12. Qc1 Nxa4 13. Qa3 Bd7 14. Rfb1 b5 15. g3 a6 16. Nh4 Qd8 17. Ng2 O-O 18. Nf4 Nc6 19. Nh5 Qe7 20. Qc1 f5 21. exf6 Rxf6 22. Nxf6+ Qxf6 23. Rxa4 bxa4 24. Qa3 Qe7 25. Qa1 Rb8 26. Re1 Na7 27. Bf4 Rb6 28. Bf3 Qf8 29. Bg4 a3 30. h3 Nb5 31. Be5 Qf7 32. Kg2 Qg6 33. Re2 a5 34. Bf3 a4 35. h4 Qf7 36. Re3 Qf5 37. Bd1 Be8 38. g4 Qf8 39. h5 Qe7 40. Rg3 Nd6 41. f3 Nf7 42. Bf4 e5 43. Be3 e4 44. f4 Rb2 45. g5 hxg5 46. fxg5 Bd7 47. Bf4 Qe6 48. g6 Nd6 49. Bg4 Nf5 50. Qxa3 e3 51. Qxb2 Qe4+ 52. Kh3 Qxf4 53. Bxf5 Bxf5+ 54. Kh2 Qf2+ 55. Rg2 Qh4+ 56. Kg1 Qe1+ 57. Kh2 Qh4+ 58. Kg1 Qe1+ 59. Kh2 Qh4+ 1/2-1/2


[Site "https://www.chess.com"]

[Event "Titled Tuesday Blitz May 10 Late 2022"]
[White "Diaz, Fernando"]
[Black "Melikyan, Gnel"]
[WhiteFideId "3701255"]
[BlackFideId "54109990"]
[WhiteElo "2306"]
[BlackElo "2642"]
[Result "1-0"]
[Round "04"]
[TimeControl "180+1"]
[Date "2022.05.11"]
[WhiteClock "0:01:45"]
[BlackClock "0:00:11"]

1. e4 c5 2. d4 cxd4 3. c3 d3 4. c4 g6 5. Bxd3 Bg7 6. Nf3 Nc6 7. O-O d6 8. Nc3 Nf6 9. h3 O-O 10. Be3 Nd7 11. Qe2 Nde5 12. Rac1 Nxd3 13. Qxd3 Qa5 14. b3 Ne5 15. Nxe5 Bxe5 16. f4 Bg7 17. Nd5 Re8 18. b4 Qd8 19. a3 Be6 20. f5 Bxd5 21. exd5 Qd7 22. Rce1 a5 23. Bg5 axb4 24. axb4 Ra2 25. Qf3 Bd4+ 26. Kh1 f6 27. fxg6 Be5 28. Qh5 hxg6 29. Qxg6+ Kh8 30. Rxe5 dxe5 31. Rxf6 e6 32. Rf7 1-0


[Site "https://www.chess.com"]

[Event "Titled Tuesday Blitz May 10 Late 2022"]
[White "Dilmukhametov, Artur"]
[Black "Kazakouski, Valery"]
[WhiteFideId "24179922"]
[BlackFideId "13507443"]
[WhiteElo "2206"]
[BlackElo "2524"]
[Result "0-1"]
[Round "04"]
[TimeControl "180+1"]
[Date "2022.05.10"]
[WhiteClock "0:00:12"]
[BlackClock "0:00:51"]

1. e4 c5 2. Nf3 a6 3. c3 d5 4. exd5 Qxd5 5. d4 Bg4 6. Be2 Nf6 7. h3 Bh5 8. O-O e6 9. Be3 cxd4 10. Nxd4 Bxe2 11. Qxe2 Be7 12. Rd1 O-O 13. Nd2 Nbd7 14. N2f3 Rac8 15. a4 Rfd8 16. a5 Qh5 17. Qc2 Nd5 18. Re1 N7f6 19. Qb3 Rc7 20. Bg5 h6 21. Bh4 Bd6 22. Bxf6 Nxf6 23. Rad1 Rcd7 24. Qa4 Bc7 25. b4 Nd5 26. Qc2 Nf4 27. Qe4 f5 28. Qb1 Qg6 29. g3 Nxh3+ 30. Kg2 Nxf2 31. Kxf2 Qxg3+ 32. Kf1 Qh3+ 33. Kg1 e5 34. Nxe5 Bxe5 0-1


[Site "https://www.chess.com"]

[Event "Titled Tuesday Blitz May 10 Late 2022"]
[White "Dounis, Alexandros"]
[Black "Bjelobrk, Igor"]
[WhiteFideId "4213238"]
[BlackFideId "4300726"]
[WhiteElo "2553"]
[BlackElo "2737"]
[Result "1-0"]
[Round "04"]
[TimeControl "180+1"]
[Date "2022.05.11"]
[WhiteClock "0:00:09"]
[BlackClock "0:00:04"]

1. Nf3 d5 2. g3 Nd7 3. Bg2 e5 4. O-O Ngf6 5. c4 c6 6. cxd5 cxd5 7. d4 e4 8. Ne5 Bd6 9. f4 O-O 10. Nc3 Nb6 11. h3 h5 12. b3 Bd7 13. Bb2 Rc8 14. e3 Qe7 15. Qe2 Rc7 16. Nb5 Bxb5 17. Qxb5 Rc2 18. Rf2 Rfc8 19. Raf1 Ba3 20. Ba1 Qb4 21. Qxb4 Bxb4 22. Rxc2 Rxc2 23. Rf2 Bd2 24. Kh2 Rxa2 25. Bc3 Bxc3 26. Rxa2 a5 27. Rc2 Bb4 28. Rc7 Bd2 29. Rxb7 Bxe3 30. Rxb6 h4 31. Rb8+ Kh7 32. Nxf7 Bxd4 33. f5 g6 34. Ng5+ Kh6 35. Ne6 hxg3+ 36. Kh1 Be5 37. Rh8+ Nh7 38. Rd8 Nf6 39. fxg6 Kxg6 40. Nc5 Kf5 41. Nd7 1-0


[Site "https://www.chess.com"]

[Event "Titled Tuesday Blitz May 10 Late 2022"]
[White "Dourerassou, Jonathan"]
[Black "Przybylski, Wojciech"]
[WhiteFideId "628050"]
[BlackFideId "1117599"]
[WhiteElo "2698"]
[BlackElo "2420"]
[Result "1-0"]
[Round "04"]
[TimeControl "180+1"]
[Date "2022.05.11"]
[WhiteClock "0:00:52"]
[BlackClock "0:00:02"]

1. e4 e5 2. Nf3 Nc6 3. Nc3 Nf6 4. Bb5 Nd4 5. Nxd4 exd4 6. Nd5 c6 7. Nxf6+ Qxf6 8. Bc4 d6 9. O-O Be6 10. Bxe6 fxe6 11. f4 Be7 12. d3 O-O 13. Bd2 c5 14. Qg4 Qg6 15. Qh3 Rf7 16. Rf3 Raf8 17. Raf1 d5 18. Rg3 Qf6 19. f5 dxe4 20. dxe4 Qe5 21. Re1 exf5 22. exf5 Qc7 23. Qg4 Bd6 24. Rf3 Qd7 25. Ref1 c4 26. Kh1 Be7 27. Qe4 Bf6 28. g4 Re8 29. Qf4 h6 30. Qg3 Be5 31. Qg2 c3 32. bxc3 dxc3 33. Bxc3 Bxc3 34. Rxc3 Rfe7 35. Rd3 Qc7 36. f6 Re2 37. f7+ Qxf7 38. Rxf7 Rxg2 39. Rxg7+ Kxg7 40. Kxg2 Re2+ 41. Kg3 Rxc2 42. a3 Rc7 43. Kh4 a5 44. Rd5 b6 45. Rb5 Rc6 46. a4 Rd6 47. Kh5 Rc6 48. Kh4 Rd6 49. h3 Rc6 50. Re5 Rd6 51. Re7+ Kg6 52. Rb7 Rc6 53. Kg3 Rd6 54. h4 Rc6 55. Kf3 Rc3+ 56. Kf2 Rc6 57. Ke3 Re6+ 58. Kd4 Rf6 59. Ke5 Rc6 60. h5+ Kg5 61. Rg7+ Kh4 62. Rg6 Rc4 63. g5 hxg5 64. h6 Kh5 65. h7 Rc5+ 66. Kd4 Rc8 67. Rg8 1-0


[Site "https://www.chess.com"]

[Event "Titled Tuesday Blitz May 10 Late 2022"]
[White "Dubov, Daniil"]
[Black "Wieczorek, Oskar"]
[WhiteFideId "24126055"]
[BlackFideId "1133950"]
[WhiteElo "2791"]
[BlackElo "2330"]
[Result "1-0"]
[Round "04"]
[TimeControl "180+1"]
[Date "2022.05.10"]
[WhiteClock "0:00:31"]
[BlackClock "0:00:13"]

1. e4 c5 2. Nf3 d6 3. d4 cxd4 4. Nxd4 Nf6 5. Nc3 Nc6 6. Bg5 Bd7 7. Qd2 Rc8 8. Nxc6 Bxc6 9. f3 e6 10. O-O-O a6 11. Kb1 b5 12. Ne2 Bb7 13. Nd4 h6 14. Be3 Qc7 15. Bd3 Nd7 16. g4 Ne5 17. h4 d5 18. g5 hxg5 19. Bxg5 dxe4 20. fxe4 Bc5 21. Nb3 Bb6 22. Qg2 Nxd3 23. cxd3 Qe5 24. Bd2 a5 25. Nxa5 Ba8 26. Nb3 O-O 27. Bc3 Rxc3 28. bxc3 Qxc3 29. Qb2 Qc7 30. h5 e5 31. h6 g6 32. h7+ Kh8 33. Ka1 Qe7 34. d4 Bxe4 35. Rhe1 f5 36. dxe5 Qe6 37. Rd6 1-0


[Site "https://www.chess.com"]

[Event "Titled Tuesday Blitz May 10 Late 2022"]
[White "Erdogdu, Mert"]
[Black "Mortazavi, Ali"]
[WhiteFideId "6301495"]
[BlackFideId "401323"]
[WhiteElo "2668"]
[BlackElo "2457"]
[Result "0-1"]
[Round "04"]
[TimeControl "180+1"]
[Date "2022.05.11"]
[WhiteClock "0:00:03"]
[BlackClock "0:00:07"]

1. e4 c6 2. d4 d5 3. exd5 cxd5 4. c4 Nf6 5. Nc3 g6 6. Qb3 Bg7 7. cxd5 O-O 8. Nge2 Na6 9. g3 b6 10. Bg2 Nc7 11. d6 exd6 12. O-O Rb8 13. Bf4 Nh5 14. Be3 Ba6 15. Rfd1 Re8 16. Rac1 Nf6 17. h3 Rc8 18. Nf4 Ne6 19. Nxe6 Rxe6 20. Qa4 Bc4 21. Qxa7 Nh5 22. g4 Ng3 23. Rd2 Rxe3 24. fxe3 Qg5 25. Re1 h5 26. gxh5 Nf5 27. Qb7 Re8 28. Qc6 Rxe3 29. Red1 Nh4 30. Rf2 Be6 31. hxg6 fxg6 32. Ne4 Qh5 33. Qe8+ Kh7 34. Qxe6 Qxd1+ 35. Kh2 Qxd4 36. Ng5+ Kh6 37. Nf7+ Kh7 38. Ng5+ Kh6 39. Nf7+ Kh5 40. Qg4+ Qxg4 41. hxg4+ Kxg4 42. Bh3+ Kh5 43. Bf1 Nf3+ 44. Kg2 Nh4+ 45. Kh1 Re1 46. Nxd6 Bd4 47. Rf8 Rb1 48. b4 Rb2 49. Nf7 Kg4 50. Nd6 Nf3 51. Rxf3 Kxf3 52. Nc4 Rxa2 53. b5 Kg3 54. Nd6 Rh2# 0-1


[Site "https://www.chess.com"]

[Event "Titled Tuesday Blitz May 10 Late 2022"]
[White "Fawzy, Adham"]
[Black "Izzat, Kanan"]
[WhiteFideId "10613129"]
[BlackFideId "13405209"]
[WhiteElo "2546"]
[BlackElo "2362"]
[Result "0-1"]
[Round "04"]
[TimeControl "180+1"]
[Date "2022.05.10"]
[WhiteClock "0:00:20"]
[BlackClock "0:00:55"]

1. e4 e5 2. Nf3 Nf6 3. Nxe5 d6 4. Nf3 Nxe4 5. Nc3 Nxc3 6. dxc3 Be7 7. Bd3 O-O 8. Bf4 Nd7 9. Qd2 Nc5 10. Bc4 c6 11. O-O-O d5 12. Bd3 Bf6 13. h4 Bg4 14. Be2 Ne4 15. Qe1 Qa5 16. a3 Bxc3 17. Nd2 Rfe8 18. f3 Qb6 19. Nc4 dxc4 20. bxc3 Nf2 21. fxg4 Nxh1 22. Rd4 c5 23. Rd6 Qa5 24. Kb2 Rad8 25. Qd2 Rxd6 26. Bxd6 Qb6+ 27. Ka2 Rd8 28. Qe1 Qxd6 29. Qxh1 Qd2 0-1


[Site "https://www.chess.com"]

[Event "Titled Tuesday Blitz May 10 Late 2022"]
[White "Federzoni, Enzo"]
[Black "Krstulovic, Alex"]
[WhiteFideId "2173301"]
[BlackFideId "760056"]
[WhiteElo "1956"]
[BlackElo "2193"]
[Result "0-1"]
[Round "04"]
[TimeControl "180+1"]
[Date "2022.05.11"]
[WhiteClock "0:02:12"]
[BlackClock "0:01:49"]

1. d4 Nf6 2. Nc3 d5 3. Bf4 a6 4. e3 c5 5. Nf3 Nc6 6. Ne5 Bf5 7. a3 e6 8. Rg1 Qb6 9. Nxc6 bxc6 10. g4 Bxg4 11. f3 Bxf3 12. Qxf3 Qxb2 13. Rb1 Qxc3+ 14. Kd1 Ne4 15. Rg2 Qxa3 16. Bd3 Nc3+ 0-1


[Site "https://www.chess.com"]

[Event "Titled Tuesday Blitz May 10 Late 2022"]
[White "Ferreira, Vitor Hugo Vieira"]
[Black "Weber, Samuel"]
[WhiteFideId "2119765"]
[BlackFideId "12924008"]
[WhiteElo "2165"]
[BlackElo "2215"]
[Result "0-1"]
[Round "04"]
[TimeControl "180+1"]
[Date "2022.05.11"]
[WhiteClock "0:00:22"]
[BlackClock "0:00:16"]

1. d4 Nf6 2. c4 e6 3. Nf3 c5 4. d5 exd5 5. cxd5 d6 6. Nc3 g6 7. Bf4 Bg7 8. e3 O-O 9. h3 Re8 10. Be2 Ne4 11. Nxe4 Rxe4 12. Qc2 Rb4 13. Rb1 Bf5 14. Bd3 Bxd3 15. Qxd3 Rxb2 16. Rxb2 Bxb2 17. Qb3 Qb6 18. Qa4 Na6 19. O-O Bf6 20. Nd2 Be7 21. Nc4 Qd8 22. Rb1 Rb8 23. Na5 Nb4 24. e4 b5 25. Qa3 Nc2 26. Qc3 b4 27. Qxc2 Qxa5 28. e5 Qd8 29. e6 fxe6 30. dxe6 Qf8 31. Qd2 Rd8 32. Bh6 Qf5 33. Re1 d5 34. Qb2 Qf6 35. Qc1 c4 36. h4 Qf5 37. Bf4 c3 38. Re5 Qf8 39. h5 d4 40. hxg6 hxg6 41. Bh6 Qf6 42. Bg5 Qxe5 43. Bxe7 d3 44. Qh6 Qe1+ 45. Kh2 Qe5+ 46. Kg1 Qxe6 47. Bxd8 d2 48. Bf6 Qxf6 49. Qe3 d1=Q+ 50. Kh2 Qfd6+ 51. g3 Qh5+ 52. Kg2 Qdd5+ 53. f3 Qhxf3+ 54. Qxf3 Qxf3+ 55. Kxf3 c2 0-1


[Site "https://www.chess.com"]